Map: 16-Bit LE

Players

Dusk

  • Race: Zerg Zerg
  • League: Diamond
  • Spawn Location: 7:00

blitzkrieg - Winner!

  • Race: Protoss Protoss
  • League: Diamond
  • Spawn Location: 1:00

VOD

Have the link to the VOD?

Description

Time

  • Played on: July 9, 2018, 7:15 p.m.
  • Length: 13:13
Show
View Real Time Build Order
Export as new Build Order

Dusk Zerg 

Build Orders: Hatch First 

Get SALT Encoding   

  12  0:01  Drone  
  13  0:12  Overlord  
  13  0:18  Drone  
  14  0:30  Drone  
  14  0:31  Drone  
  14  0:34  Drone  
  17  0:54  Hatchery  
  16  0:58  Drone  
  16  1:00  Extractor  
  16  1:06  Drone  
  17  1:15  Drone  
  18  1:21  Drone  
  19  1:34  Spawning Pool  
  18  1:50  Drone x3  
  21  2:02  Overlord  
  21  2:17  Hatchery  
  21  2:21  Queen  
  22  2:32  Queen  
  24  2:44  Zergling x6  
  26  2:51  Zergling x4  
  29  2:53  Drone  
  30  2:59  Metabolic Boost  
  30  3:06  Drone x2  
  31  3:13  Drone x2  
  31  3:19  Drone  
  34  3:24  Overlord  
  34  3:31  Drone x2  
  34  3:32  Drone  
  37  3:36  Drone  
  37  3:38  Drone  
  39  3:43  Overlord  
  39  3:50  Queen  
  39  3:54  Drone  
  42  4:02  Spore Crawler  
  42  4:05  Spore Crawler  
  40  4:10  Drone x3  
  40  4:12  Drone  
  40  4:16  Spore Crawler  
  43  4:18  Drone x3  
  45  4:28  Drone x4  
  45  4:30  Drone x2  
  50  4:35  Drone x2  
  52  4:40  Lair  
  52  4:43  Drone  
  52  4:44  Drone  
  54  4:49  Extractor  
  54  4:50  Overlord x2  
  52  5:07  Overlord  
  52  5:15  Roach Warren  
  52  5:17  Drone x7  
  52  5:18  Drone  
  59  5:28  Drone x4  
  63  5:29  Extractor  
  63  5:31  Extractor  
  60  5:35  Overlord  
  60  5:38  Drone, Overlord  
  60  5:39  Drone x5  
  66  5:43  Extractor x2, Queen  
  66  5:49  Overlord x2  
  66  5:55  Hydralisk Den  
  62  6:07  Overlord  
  62  6:12  Overlord  
  62  6:20  Overlord  
  62  6:21  Drone x6, Evolution Chamber  
  62  6:22  Drone x3  
  62  6:23  Evolution Chamber  
  69  6:27  Overlord, Overseer  
  69  6:29  Pneumatized Carapace  
  69  6:32  Grooved Spines  
  69  6:36  Hydralisk x4  
  69  6:39  Hydralisk  
  77  6:46  Hydralisk x2  
  81  6:52  Zerg Missile Weapons Level 1  
  81  6:53  Zerg Ground Armor Level 1  
  83  6:55  Glial Reconstitution  
  83  7:01  Hydralisk x2  
  83  7:08  Hydralisk x3  
  93  7:20  Drone x3  
  93  7:21  Drone  
  97  7:30  Hydralisk x2  
  97  7:31  Hydralisk x2  
  97  7:34  Hatchery  
  104  7:38  Hydralisk x2, Overlord  
  108  7:44  Muscular Augments  
  108  7:48  Hydralisk x3  
  114  7:54  Hydralisk  
  114  7:55  Hydralisk  
  114  7:57  Drone x3  
  121  8:03  Queen  
  121  8:04  Hydralisk  
  121  8:05  Hydralisk  
  127  8:12  Overlord  
  127  8:13  Hydralisk x2  
  127  8:16  Overlord  
  131  8:25  Hydralisk  
  131  8:26  Hydralisk x2  
  137  8:44  Lurker Den  
  137  8:45  Infestation Pit  
  137  8:46  Queen  
  137  8:47  Hydralisk, Baneling Nest  
  137  8:48  Zergling x4  
  139  8:49  Zergling x20  
  139  8:52  Drone x2  
  139  8:53  Drone  
  153  9:10  Hydralisk x3  
  153  9:13  Drone  
  153  9:14  Extractor  
  159  9:38  Hydralisk x3  
  143  9:42  Drone x5, Spire  
  149  9:48  Zerg Missile Weapons Level 2, Zerg Ground Armor Level 2  
  141  10:07  Hydralisk x2  
  141  10:08  Overlord  
  133  10:17  Hydralisk  
  133  10:20  Drone x5  
  133  10:21  Drone  
  121  10:23  Hydralisk x2, Hive  
  121  10:24  Hydralisk x7  
  121  10:25  Hydralisk x5  
  149  10:28  Overlord x2  
  149  10:34  Hydralisk  
  151  10:51  Hydralisk x5  
  151  10:52  Hydralisk x5  
  151  10:56  Extractor  
  170  11:08  Hydralisk x2  
  170  11:09  Drone x2  
  176  11:11  Overlord x2  
  176  11:16  Overlord  
  118  11:41  Drone x4  
  122  11:54  Corruptor  
  122  11:55  Corruptor x10  
  122  11:56  Corruptor  
  122  11:58  Hatchery  
  122  11:59  Corruptor  
  145  12:04  Drone  
  145  12:05  Drone x3  
  149  12:10  Corruptor x2  
  153  12:20  Corruptor x3  
  159  12:30  Corruptor x2  
  159  12:34  Corruptor  
  159  12:35  Corruptor  
  167  12:39  Corruptor x2  
  167  12:43  Corruptor  
Show
View Real Time Build Order
Export as new Build Order

blitzkrieg Protoss - Winner!

Build Orders: 1 Gate Expand, Oracle Opening, Phoenix Opening 

Get SALT Encoding   

  12  0:01  Probe  
  13  0:13  Probe  
  14  0:18  Pylon  
  14  0:24  Probe  
  15  0:32  Probe  
  15  0:40  Probe  
  15  0:41  Gateway  
  17  0:51  Probe  
  17  0:52  Assimilator  
  18  1:04  Probe  
  19  1:25  Nexus  
  19  1:28  Probe  
  20  1:39  Cybernetics Core  
  20  1:41  Probe  
  21  1:48  Assimilator  
  21  1:53  Probe  
  22  2:03  Pylon  
  22  2:05  Probe  
  22  2:06  Warp Gate  
  23  2:12  Adept  
  25  2:25  Probe  
  26  2:37  Probe x2  
  26  2:38  Adept  
  26  2:43  Stargate  
  30  2:50  Probe x2  
  32  3:02  Probe x2  
  34  3:14  Probe x2  
  34  3:17  Oracle  
  34  3:18  Shield Battery  
  34  3:26  Probe  
  38  3:33  Gateway  
  38  3:36  Gateway  
  38  3:41  Probe x2  
  40  3:53  Probe x2  
  40  3:54  Phoenix  
  44  4:00  Pylon  
  44  4:13  Nexus  
  44  4:17  Pylon  
  44  4:19  Pylon  
  44  4:29  Probe  
  45  4:32  Probe  
  45  4:37  Shield Battery  
  46  4:41  Assimilator, Probe  
  46  4:44  Probe  
  46  4:45  Assimilator  
  48  4:47  Adept x2  
  48  4:50  Protoss Air Weapons Level 1  
  52  4:53  Probe  
  53  5:00  Forge  
  53  5:02  Probe  
  54  5:09  Probe  
  55  5:14  Probe  
  55  5:19  Stargate  
  56  5:21  Probe  
  56  5:22  Fleet Beacon  
  56  5:25  Stargate  
  56  5:26  Probe, Adept  
  60  5:34  Probe  
  60  5:41  Probe x2  
  62  5:44  Pylon  
  62  5:46  Probe  
  63  5:50  Carrier x2  
  64  6:04  Probe x2  
  64  6:06  Probe  
  64  6:09  Pylon  
  78  6:14  Carrier  
  78  6:16  Probe x2  
  80  6:20  Probe  
  80  6:23  Assimilator  
  81  6:26  Assimilator  
  81  6:27  Pylon  
  81  6:28  Probe x2  
  83  6:33  Probe  
  90  6:40  Probe  
  91  6:59  Nexus  
  91  7:00  Pylon, Photon Cannon  
  91  7:01  Carrier  
  91  7:02  Pylon  
  91  7:03  Photon Cannon  
  91  7:04  Photon Cannon  
  91  7:15  Shield Battery  
  91  7:16  Pylon  
  91  7:17  Assimilator  
  97  7:24  Carrier  
  97  7:25  Protoss Air Weapons Level 2  
  97  7:28  Photon Cannon  
  97  7:30  Photon Cannon  
  97  7:35  Carrier  
  97  7:37  Probe  
  97  7:39  Probe  
  97  7:40  Probe  
  106  7:57  Shield Battery  
  112  7:59  Shield Battery  
  112  8:02  Probe x2  
  112  8:03  Probe  
  115  8:14  Probe  
  115  8:15  Stargate, Carrier  
  115  8:17  Probe x2  
  115  8:18  Probe  
  119  8:26  Probe  
  117  8:30  Probe x3  
  120  8:35  Photon Cannon  
  120  8:37  Photon Cannon  
  120  8:39  Photon Cannon  
  120  8:40  Probe, Pylon  
  127  8:46  Adept x3  
  127  8:47  Void Ray  
  137  8:55  Pylon  
  137  9:00  Carrier  
  143  9:05  Probe  
  143  9:06  Probe  
  143  9:08  Probe  
  146  9:13  Carrier  
  151  9:31  Carrier  
  151  9:32  Pylon  
  151  9:35  Pylon  
  151  9:36  Carrier  
  151  9:37  Pylon  
  147  9:49  Adept  
  155  10:00  Adept  
  155  10:01  Adept  
  159  10:11  Probe  
  157  10:17  Graviton Catapult  
  157  10:22  Probe x2  
  157  10:27  Shield Battery  
  157  10:28  Pylon  
  165  10:29  Pylon  
  165  10:31  Protoss Air Weapons Level 3  
  165  10:34  Photon Cannon  
  165  10:35  Photon Cannon  
  165  10:36  Carrier  
  165  10:37  Photon Cannon  
  165  10:39  Photon Cannon  
  165  10:44  Nexus  
  165  10:47  Carrier  
  171  10:50  Pylon  
  171  10:55  Twilight Council  
  171  10:56  Shield Battery  
  171  10:57  Robotics Facility, Pylon  
  171  10:58  Shield Battery  
  171  11:00  Shield Battery  
  171  11:06  Assimilator  
  171  11:29  Carrier x2  
  171  11:31  Nexus  
  177  11:44  Photon Cannon  
  177  11:45  Observer  
  178  11:49  Pylon  
  178  11:51  Photon Cannon  
  178  11:52  Photon Cannon  
  178  11:54  Photon Cannon  
  178  11:55  Shield Battery x2  
  178  12:00  Pylon  
  178  12:05  Photon Cannon  
  178  12:08  Photon Cannon  
  177  12:14  Observer  
  178  12:15  Templar Archives  
  178  12:19  Photon Cannon  
  178  12:20  Photon Cannon  
  178  12:21  Shield Battery  
  178  12:22  Shield Battery  
  190  12:37  Photon Cannon  
  190  12:48  Photon Cannon  
Tags
 
Add a new tag
Caveats
  • Supply blocks, unpowered buildings, or Contaminate may cause inaccurate times.
  • Supply counts are checked every 10 seconds.